 Dungeon Crawl Stone Soup version 0.30-a0-800-g7c544603b3 (webtiles) character file.

Game seed: 11701644911333328190

7 AppTheSpectato the Chopper (level 2, -12/16 (25) HPs)
             Began as a Hill Orc Reaver on Feb 22, 2023.
             Killed by an exploding goblin (13 damage)
             ... ignited by their inner flame
             ... on level 1 of the Dungeon.
             The game lasted 00:02:51 (116 turns).

AppTheSpectato the Chopper (Hill Orc Reaver)         Turns: 116, Time: 00:02:52

HP:   -12/16 (25)   AC:  3    Str: 14    XL:     2   Next: 0%
MP:   0/4           EV: 11    Int: 13    God:
Gold: 33            SH:  0    Dex:  9    Spells: 3/4 levels left

rFire   . . .      SeeInvis .    a - +1 hand axe
rCold   . . .      Faith    .    (no shield)
rNeg    . . .      Spirit   .    b - +0 leather armour
rPois   .          Reflect  .    (no helmet)
rElec   .          Harm     .    (no cloak)
rCorr   .          Rampage  .    (no gloves)
Will    .....                    (no boots)
Stlth   +                        (no amulet)
HPRegen 0.22/turn                (no ring)
MPRegen 0.09/turn                (no ring)

@: very slightly contaminated, very heavily drained
A: no striking features
a: no special abilities


You were on level 1 of the Dungeon.
You visited 1 branch of the dungeon, and saw 1 of its levels.

You collected 33 gold pieces.

Inventory:

Hand Weapons
 a - a +1 hand axe (weapon)
Armour
 b - a +0 leather armour (worn)
 d - a +0 robe


   Skills:
 + Level 2.7 Fighting
 + Level 4.3 Axes
 + Level 1.5 Dodging
 + Level 1.6 Spellcasting
 + Level 3.0 Conjurations


You had 3 spell levels left.
You knew the following spells:

 Your Spells              Type           Power      Damage    Failure   Level
a - Kiss of Death         Conj/Necr      16%        2d6       19%         1

Your spell library contained the following spells:

 Spells                   Type           Power      Damage    Failure   Level
 Momentum Strike          Conj/Tloc      8%         3d8       26%         2
 Hailstorm                Conj/Ice       4%         3d4       47%         3


Dungeon Overview and Level Annotations

Branches:
Dungeon (1/15)

Altars:


Message History

You miscast Kiss of Death.
You are very lightly contaminated with residual magic.
Nothing appears to happen.
The goblin barely misses you. The kobold hits you but does no damage.
Casting: Kiss of Death (safe; 19% risk of failure)
Confirm with . or Enter, or press ? or * to list all spells.
Aiming: Kiss of Death (safe; 19% risk of failure)
Press: ? - help, Shift-Dir - straight line, f/p - goblin
Aim: a goblin, wielding a +0 club (100% to hit)
You miscast Kiss of Death.
Nothing appears to happen.
The goblin hits you with a +0 club. The kobold hits you but does no damage.
Casting: Kiss of Death (safe; 19% risk of failure)
Confirm with . or Enter, or press ? or * to list all spells.
Aiming: Kiss of Death (safe; 19% risk of failure)
Press: ? - help, Shift-Dir - straight line, f/p - goblin
Aim: a goblin, wielding a +0 club (100% to hit)
You miscast Kiss of Death.
Nothing appears to happen.
The goblin hits you with a +0 club.
* * * LOW HITPOINT WARNING * * *
The kobold barely misses you.
As you read the scroll labelled YNYTRU NESTUT, it crumbles to dust.
It is a scroll of enchant weapon.
Your +0 hand axe glows red for a moment.
The goblin closely misses you.
The kobold hits you with a +2 whip of pain.
* * * LOW HITPOINT WARNING * * *
As you read the scroll labelled QOSOLUIVUUR, it crumbles to dust.
The creatures around you are filled with an inner flame!
It was a scroll of immolation.
The goblin hits you with a +0 club.
* * * LOW HITPOINT WARNING * * *
The kobold barely misses you.
You hit the goblin.
Flame seeps out of the goblin.
The goblin is moderately wounded.
You barely miss the kobold.
The goblin is engulfed in blazing flames.
The goblin explodes!
The fiery explosion engulfs the frilled lizard!
The fiery explosion engulfs you!
Ouch! That really hurt!
You die...

## #.. #####
...####...#
.....§K...##
.....§○@...# ..
#..###+###§.#.##.#
.##..# ..##.......#
.#..#
###.#..###########
#...#.#
#.'.....>......#
...#.#+#.#..#########.#
#..##...##.(# #.# #
..####(.#######..#
###.##.#
.......<.........#
#......#


You could see a kobold (inner flame).

Vanquished Creatures
  A goblin (D:1)
  A hobgoblin (D:1)
  2 jackals (D:1)
  3 frilled lizards (D:1)
  A kobold (D:1)
  A rat (D:1)
9 creatures vanquished.

Notes
Turn   | Place    | Note
-------+----------+-------------------------------------------
     0 | D:1      | AppTheSpectato the Hill Orc Reaver began the quest for the
                  | Orb.
     0 | D:1      | Reached XP level 1. HP: 18/18 MP: 3/3
    99 | D:1      | Reached XP level 2. HP: 13/16 MP: 2/4
   116 | D:1      | Killed by an exploding goblin... ignited by their inner
                  | flame

Illustrated notes

Levels and vault maps discovered:
D:1:      minmay_arrival_stone_box, layout_loops_ring,
          shapermc_ecumenical_altar_mp_urbaneastern

Action                     || total
---------------------------++-------
  Melee: Hand axe          ||    14
   Cast: Kiss of Death     ||     3
    Use: Scroll            ||     2
 Armour: Leather armour    ||     2
  Dodge: Dodged            ||    11

Table legend: (Time is in decaauts)
 A = Elapsed time spent in this place.
 B = Non-inter-level travel time spent in this place.
 C = Inter-level travel time spent in this place.
 D = Time resting spent in this place.
 E = Time spent auto-exploring this place.
 F = Levels seen in this place.
 G = Mean time per level.
                   A        B        C        D        E       F      G
               +--------+--------+--------+--------+--------+-----+--------+
         Total |    117 |    105 |     12 |      0 |      8 |   1 |  117.0 |
       Dungeon |    117 |    105 |     12 |      0 |      8 |   1 |  117.0 |
               +--------+--------+--------+--------+--------+-----+--------+

Top non-repeatable levels by time:
     D:1: 117 daAuts
